 Dungeon Crawl Stone Soup version 0.27.0-66-gdc8fb28755 (webtiles) character file.

Game seed: 8983324175776928813

62155 Naeght the Bludgeoner (level 14, -7/193 HPs)
             Began as a Minotaur Berserker on Aug 20, 2021.
             Was a High Priest of Trog.
             Mangled by a merfolk (12 damage)
             ... on level 2 of the Shoals.
             The game lasted 00:42:28 (23516 turns).

Naeght the Bludgeoner (Minotaur Berserker)         Turns: 23516, Time: 00:42:29

Health: -7/193     AC: 17    Str: 25    XL:     14   Next: 63%
Magic:  13/13      EV: 18    Int:  4    God:    Trog [*****.]
Gold:   1405       SH: 14    Dex: 15    Spells: 13/13 levels left

rFire    + . .     SeeInvis .   y - +5 mace (freeze)
rCold    + . .     Faith    .   A - +0 kite shield
rNeg     . . .     Spirit   .   Q - +2 ring mail {rF+}
rPois    .         Reflect  .   J - +2 hat
rElec    .         Harm     .   d - +0 cloak
rCorr    +         Rampage  .   N - +0 pair of gloves
Will     +++..                  (no boots)
Stlth    ..........             (no amulet)
HPRegen  1.42/turn              I - +4 ring of protection
MPRegen  0.13/turn              k - ring "Ishogiu" {rC+ rCorr Dex+3}

@: berserking, lethally poisoned (-7 -> -7), strong-willed, regenerating,
studying Maces & Flails, very quick
A: horns 2, retaliatory headbutt
a: Renounce Religion, Berserk, Trog's Hand, Brothers in Arms


You were on level 2 of the Shoals.
You worshipped Trog.
Trog was extremely pleased with you.
You visited 5 branches of the dungeon, and saw 22 of its levels.
You also visited: Sewer.

You collected 1559 gold pieces.
You spent 154 gold pieces at shops.

Inventory:

Hand Weapons
 a - a +2 flail of draining
 y - a +5 mace of freezing (weapon)
 H - a +5 spectral mace
 S - a +4 antimagic demon whip
Missiles
 w - 7 javelins (quivered)
Armour
 d - a +0 cloak (worn)
 A - a +0 kite shield (worn)
 J - a +2 hat (worn)
 N - a +0 pair of gloves (worn)
 Q - a +2 ring mail of fire resistance (worn)
Jewellery
 b - a ring of positive energy
 k - the ring "Ishogiu" (right hand) {rC+ rCorr Dex+3}
   (You found it on level 6 of the Lair of Beasts)

   [ring of protection from cold]

   Dex:       It affects your dexterity (+3).
   rC:        It protects you from cold.
   rCorr:     It protects you from acid and corrosion.
 l - a +4 ring of evasion
 n - a +4 ring of protection
 o - a ring of flight
 E - a ring of protection from cold
 I - a +4 ring of protection (left hand)
 P - a ring of protection from fire
Wands
 r - a wand of polymorph (24)
 t - a wand of acid (6)
 z - a wand of flame (17)
 D - a wand of paralysis (13)
 K - a wand of mindburst (3)
 L - a wand of digging (4)
 M - a wand of iceblast (9)
Scrolls
 g - 4 scrolls of magic mapping
 h - 5 scrolls of blinking
 m - 4 scrolls of fog
 s - 4 scrolls of teleportation
 v - 2 scrolls of enchant armour
 x - 4 scrolls of immolation
 C - 5 scrolls of summoning
 G - 5 scrolls of identify
 O - a scroll of brand weapon
Potions
 c - 4 potions of mutation
 e - 3 potions of heal wounds {unknown}
 f - 2 potions of flight
 i - 9 potions of curing
 j - 4 potions of magic
 p - a potion of cancellation
 q - 6 potions of haste
 u - 3 potions of resistance
 B - 5 potions of degeneration
 F - 3 potions of lignification {unknown}
Miscellaneous
 R - a lightning rod (4/4)


   Skills:
 + Level 13.3 Fighting
 + Level 15.6 Maces & Flails
 - Level 7.0 Armour
 + Level 14.1 Dodging
 - Level 15.0 Shields
 + Level 5.4 Evocations


You had 13 spell levels left.
You didn't know any spells.
Your spell library was empty.

Dungeon Overview and Level Annotations

Branches:
Dungeon (12/15)            Temple (1/1) D:6            Lair (6/6) D:9
 Shoals (2/4) Lair:3       Spider (0/4) Lair:2        Slime (1/5) Lair:6
  Sewer (visited)
    Orc: D:9-12

Altars:
Dithmenos
Gozag
Hepliaklqana
Kikubaaqudgha
Okawaru
Qazlal
Ru
Trog
Uskayaw
Vehumet
Zin
The Shining One
Beogh

Shops:
D:6 ?[:=   D:8 ?


Innate Abilities, Weirdness & Mutations

You have a pair of horns on your head.
You reflexively headbutt those who attack you in melee.


Message History

The manticore is almost dead.
You feel sick.
The water nymph flows with the water.
You sock the manticore! You freeze the manticore.
You kill the manticore!
Trog accepts your kill.
You feel sick.
The merfolk aquamancer completely misses you.
You furiously retaliate!
You headbutt the merfolk aquamancer! The merfolk hits you with a +0 trident!
* * * LOW HITPOINT WARNING * * *
You are too berserk!
You thump the merfolk aquamancer! You freeze the merfolk aquamancer.
The merfolk aquamancer is severely wounded.
You feel sick.
A merfolk comes into view. It is wielding a +0 trident.
The water nymph's watery aura covers the stone staircase leading up.
Splash!
You fall into the shallow water.
Moving in this stuff is going to be slow.
Your unstable footing causes you to fumble your attack.
The merfolk shouts!
Unknown command.
You closely miss the merfolk aquamancer.
The merfolk aquamancer is severely wounded.
You feel sick.
You block the merfolk aquamancer's attack.
You block the merfolk's attack. The water nymph touches you.
The water nymph drowns you!
* * * LOW HITPOINT WARNING * * *
You bludgeon the merfolk aquamancer!! You freeze the merfolk aquamancer.
You kill the merfolk aquamancer!
Trog accepts your kill.
Trog appreciates your killing of a magic user.
You hear a splash. x2
The merfolk hits you but does no damage.
Unknown command.
You barely miss the water nymph. You headbutt the water nymph!
The water nymph is heavily wounded.
You feel sick. The merfolk hits you with a +0 trident!
You die...

≈. ##..≈.......
≈.##..≈≈≈......
.....≈≈≈≈.<....
≈≈m.≈≈≈≈≈...P.≈
≈≈≈≈≈≈≈≈≈≈≈≈≈
≈≈≈≈≈≈≈....
≈≈≈≈≈≈m..#
≈≈≈≈≈≈m@.#
≈≈≈≈≈≈)..#
≈≈≈≈≈≈≈m.#
≈≈≈≈≈≈≈...
≈≈≈≈≈≈≈≈...
≈≈≈≈≈≈≈≈....
≈≈≈≈≈≈≈≈.≈...
≈≈≈≈≈≈≈≈≈≈≈≈..


You could see 3 merfolk and a water nymph.

Vanquished Creatures
  Rupert (Lair:4)
  Gastronok (Lair:1)
  A great orb of eyes (Lair:6)
  9 hydras
  A catoblepas (Lair:2)
  A centaur warrior (D:12)
  A merfolk aquamancer (Shoals:2)
  3 death yaks (Lair:3)
  6 two-headed ogres
  Urug (Lair:1)
  The ghost of Golfball the Grappler, a novice TrBe of Trog (D:7)
  Nergalle (Lair:1)
  Sonja (Lair:5)
  4 harpies (Shoals:1)
  A deep elf pyromancer (D:10)
  4 manticores
  An ugly thing (D:12)
  An oklob plant (Lair:2)
  2 cyclopes
  A merfolk siren (Shoals:1)
  11 elephants
  A torpor snail (Lair:2)
  2 black mambas
  14 cane toads
  A rime drake (Lair:6)
  Maggie (D:6)
  An unseen horror (D:11)
  Psyche (D:9)
  A kobold demonologist (D:10)
  6 komodo dragons
  5 polar bears (Lair:6)
  A merfolk (Shoals:1)
  2 trolls
  5 hornets (Lair:6)
  2 wind drakes (Shoals:1)
  21 blink frogs
  Prince Ribbit (D:7)
  A dream sheep (Lair:6)
  A snapping turtle (Lair:3)
  2 shadows
  A vampire (D:11)
  4 wyverns
  2 wraiths (D:12)
  Sigmund (D:3)
  14 spriggans (Lair:6)
  19 yaks
  2 steam dragons
  3 vampire mosquitoes (D:10)
  4 basilisks
  3 acid dragons
  14 water moccasins
  2 black bears (Lair:6)
  2 sky beasts
  Purgy (Sewer)
  An orc warrior (D:8)
  2 swamp drakes (Lair:5)
  An ice beast (D:7)
  An ogre (D:8)
  2 necrophages (D:6)
  40 wolves
  4 boggarts (Lair:6)
  3 centaurs
  A phantom (D:5)
  A kobold brigand (Sewer)
  6 bullfrogs
  8 scorpions
  12 killer bees
  4 wights (D:6)
  An electric eel (Lair:3)
  5 howler monkeys
  2 spectral centaurs (D:7)
  3 orc priests
  5 centaur zombies
  8 hounds
  A bullfrog skeleton (D:6)
  3 iguanas
  7 orc wizards
  2 killer bee zombies
  A howler monkey zombie (D:9)
  4 gnolls (D:5)
  4 adders
  2 shadow imps
  3 white imps
  An ufetubus (D:7)
  An adder skeleton (D:4)
  A worm (Lair:2)
  4 dart slugs
  47 orcs
  5 ball pythons
  12 endoplasms
  7 giant cockroaches
  10 goblins
  6 hobgoblins
  6 jackals
  14 kobolds
  5 quokkas
  4 bats
  2 frilled lizards (D:3)
  6 rats
462 creatures vanquished.

Vanquished Creatures (others)
  An orc wizard (D:6)
  26 fungi
  40 plants
  3 toadstools (D:6)
70 creatures vanquished.

Grand Total: 532 creatures vanquished

Notes
Turn   | Place    | Note
-------+----------+-------------------------------------------
     0 | D:1      | Naeght the Minotaur Berserker began the quest for the Orb.
     0 | D:1      | Reached XP level 1. HP: 19/19 MP: 0/0
   225 | D:1      | Reached XP level 2. HP: 24/26 MP: 1/1
   722 | D:1      | Reached ** piety under Trog
   723 | D:1      | Reached skill level 5 in Maces & Flails
   868 | D:1      | Found a faded altar of an unknown god.
   967 | D:2      | You fall into a shaft and drop 2 floors!
   981 | D:4      | Reached XP level 3. HP: 31/31 MP: 2/2
  1565 | D:3      | Noticed Sigmund
  1579 | D:3      | Killed Sigmund
  1580 | D:3      | Reached XP level 4. HP: 10/39 MP: 3/3
  1580 | D:3      | Reached XP level 5. HP: 12/45 MP: 4/4
  2491 | D:2      | Reached XP level 6. HP: 33/51 MP: 5/5
  4141 | D:4      | Reached *** piety under Trog
  4629 | D:5      | Entered Level 5 of the Dungeon
  4936 | D:5      | Found a glowing drain.
  4961 | Sewer    | Entered a sewer
  5064 | Sewer    | Noticed Purgy
  5070 | Sewer    | Killed Purgy
  5071 | Sewer    | Reached XP level 7. HP: 60/60 MP: 6/6
  5473 | D:5      | Reached skill level 5 in Fighting
  5494 | D:5      | Reached skill level 10 in Maces & Flails
  5923 | D:6      | Found a staircase to the Ecumenical Temple.
  5925 | D:6      | Noticed Maggie
  5933 | D:6      | Killed Maggie
  5934 | D:6      | Reached XP level 8. HP: 70/70 MP: 7/7
  5945 | Temple   | Entered the Ecumenical Temple
  6413 | D:6      | Reached XP level 9. HP: 50/79 MP: 8/8
  6415 | D:6      | Reached **** piety under Trog
  6673 | D:6      | Found Tuqyisacwayl's Armour Shoppe.
  6675 | D:6      | Found Zurett's Magic Scroll Shoppe.
  6677 | D:6      | Found Oluxawea's Jewellery Shoppe.
  6678 | D:6      | Found Nadulocu's Book Shoppe.
  6695 | D:6      | Bought a scroll of fog for 28 gold pieces
  6695 | D:6      | Bought a scroll of teleportation for 42 gold pieces
  6695 | D:6      | Bought a scroll of identify for 28 gold pieces
  6697 | D:6      | Bought a scroll of identify for 28 gold pieces
  6697 | D:6      | Bought a scroll of identify for 28 gold pieces
  7078 | D:7      | Noticed Prince Ribbit
  7082 | D:7      | Killed Prince Ribbit
  7144 | D:7      | Found a runed translucent gate.
  7145 | D:7      | Found a runed translucent gate.
  7146 | D:7      | Found a runed translucent gate.
  7185 | D:7      | Found a shadowy altar of Dithmenos.
  7444 | D:7      | Noticed Golfball's ghost (novice TrBe)
  7505 | D:7      | Found a hide-covered altar of Uskayaw.
  7580 | D:7      | Noticed a six-headed hydra
  7587 | D:7      | Killed a six-headed hydra
  7750 | D:7      | Killed Golfball's ghost
  7751 | D:7      | Reached skill level 10 in Fighting
  7751 | D:7      | Reached XP level 10. HP: 79/93 MP: 9/9
  8192 | D:8      | Found Onis Cue's Magic Scroll Boutique.
  8421 | D:8      | Found a sacrificial altar of Ru.
  8954 | D:9      | Noticed an eight-headed hydra
  8961 | D:9      | Killed an eight-headed hydra
  9066 | D:9      | Noticed Psyche
  9079 | D:9      | Killed Psyche
  9080 | D:9      | Reached skill level 1 in Evocations
  9127 | D:9      | Found a staircase to the Lair.
  9131 | D:9      | Reached ***** piety under Trog
  9396 | D:10     | Entered Level 10 of the Dungeon
  9429 | D:10     | Noticed a deep elf pyromancer
  9444 | D:10     | Killed a deep elf pyromancer
  9584 | D:10     | Noticed an orange demon
  9592 | D:10     | Noticed a two-headed ogre
  9594 | D:10     | Noticed a rust devil
  9599 | D:10     | Noticed an orange demon
  9601 | D:10     | Reached XP level 11. HP: 92/105 MP: 10/10
  9607 | D:10     | Killed a two-headed ogre
  9612 | D:10     | Reached skill level 5 in Shields
 10042 | D:10     | Identified the ring "Isukud" {rPois rN+ Will- Int+5}
 10102 | D:10     | You fall into a shaft and drop 2 floors!
 10329 | D:12     | Noticed a brown ugly thing
 10337 | D:12     | Killed a brown ugly thing
 10402 | D:12     | Noticed a two-headed ogre
 10411 | D:12     | Killed a two-headed ogre
 10662 | D:12     | Noticed a centaur warrior
 10675 | D:12     | Killed a centaur warrior
 10777 | D:11     | Noticed a two-headed ogre
 10781 | D:11     | Noticed a six-headed hydra
 10789 | D:10     | Killed a two-headed ogre
 11171 | D:10     | Found a stormy altar of Qazlal.
 11340 | D:11     | Noticed a two-headed ogre
 11347 | D:11     | Killed a two-headed ogre
 11348 | D:11     | Reached skill level 5 in Dodging
 11505 | D:11     | Reached skill level 10 in Shields
 11891 | D:11     | Killed a six-headed hydra
 11892 | D:11     | Reached XP level 12. HP: 96/113 MP: 11/11
 12327 | D:11     | Found an opulent altar of Gozag.
 12663 | D:12     | Noticed a two-headed ogre
 12675 | D:12     | Killed a two-headed ogre
 12691 | D:11     | Noticed a two-headed ogre
 12695 | D:11     | Killed a two-headed ogre
 12785 | Lair:1   | Entered Level 1 of the Lair of Beasts
 12842 | Lair:1   | Noticed Urug
 12865 | Lair:1   | Killed Urug
 13443 | Lair:1   | Noticed Nergalle
 13453 | Lair:1   | Killed Nergalle
 14610 | Lair:1   | Noticed Gastronok
 14633 | Lair:1   | Killed Gastronok
 14634 | Lair:1   | Reached skill level 10 in Dodging
 15513 | Lair:2   | Reached XP level 13. HP: 99/119 MP: 12/12
 15608 | Lair:2   | Found a hole to the Spider Nest.
 15641 | Lair:2   | Reached skill level 5 in Armour
 17682 | Lair:3   | Found a staircase to the Shoals.
 18378 | Lair:4   | Noticed Rupert
 18394 | Lair:4   | Killed Rupert
 20151 | Lair:5   | Noticed Sonja
 20164 | Lair:5   | Killed Sonja
 20165 | Lair:5   | Reached skill level 15 in Shields
 20736 | Lair:6   | Entered Level 6 of the Lair of Beasts
 20956 | Lair:6   | Reached XP level 14. HP: 125/127 MP: 13/13
 21203 | Lair:6   | Identified a scroll of acquirement
 21204 | Lair:6   | Acquired a manual of Maces & Flails
 21618 | Lair:6   | Identified the ring "Ishogiu" {rC+ rCorr Dex+3}
 22122 | Lair:6   | Reached skill level 15 in Maces & Flails
 22205 | Lair:6   | Received a gift from Trog
 22237 | Lair:6   | Found a staircase to the Slime Pits.
 22425 | Lair:6   | Reached skill level 5 in Evocations
 22653 | Slime:1  | Entered Level 1 of the Pits of Slime
 22653 | Slime:1  | Noticed an acid blob
 22659 | Slime:1  | Noticed a quicksilver ooze
 23229 | Shoals:1 | Entered Level 1 of the Shoals
 23514 | Shoals:2 | HP: 5/193 [drowned by a water nymph (10)]
 23516 | Shoals:2 | Mangled by a merfolk

Illustrated notes

Levels and vault maps discovered:
D:1:      tarquinn_simple_flora_water_f, layout_basic,
          shapermc_ecumenical_altar_pompeii, serial_bayou_pond_b, minmay_cut_off
D:2:      kennysheep_the_goblin_king, layout_rooms
D:3:      layout_loops_ring, uniq_sigmund
D:4:      layout_basic
D:5:      layout_loops_corners, portal_sewer_entry_d, chequers_decorated_corner
D:6:      layout_basic, minmay_temple_entry_mini_moons, minivault_4,
          minmay_shop_grid_forest, minmay_gold_behind_fungi, uniq_maggie
D:7:      layout_rooms, overflow_temple_1_default,
          nicolae_uskayaw_murder_on_the_dancefloor, gammafunk_ghost_necromancy,
          minmay_microvault, uniq_prince_ribbit1
D:8:      layout_loops_cross, nicolae_ru_awakened_eye, serial_shops, shop,
          special_room [special_room_orc], eino_small_chamber_without_monster
D:9:      layout_basic, erik_lair_island, minmay_door_square, uniq_psyche
D:10:     layout_rooms, mainiacjoe_overflow_cross_hatched
D:11:     layout_rooms, serial_curves, eino_curves_04, eino_curves_04,
          eino_curves_04, eino_curves_01, minmay_fountain_box,
          nicolae_gozag_cash_rules_everything_around_me
D:12:     layout_long_grid, kennysheep_orc_monster_closet_entryway
Temple:   eino_narrow_crystal_temple
Lair:1:   layout_chaotic_city, beast_lair_carwin_8, serial_bayou_shore_b,
          uniq_gastronok, uniq_urug, uniq_nergalle
Lair:2:   layout_small_grid, nicolae_spider_entry_non_spiders,
          minmay_lair_oklob_chamber, grunt_megastairs_2, lemuel_fruit_tree
Lair:3:   layout_chaotic_city, minmay_shoals_entry_hut
Lair:4:   layout_concentric_octagons, uniq_rupert
Lair:5:   layout_regular_city, guppyfry_lair_drakes, uniq_sonja
Lair:6:   minmay_lair_end_enchanted_forest, layout_small_grid, slime_dummy
Shoals:1: layout_shoals, st_sunken_huts
Shoals:2: layout_shoals, nicolae_shoals_enchanted_isle, uniq_louise
Slime:1:  layout_caves

Skill      XL: |  1  2  3  4  5  6  7  8  9 10 11 12 13 14 |
---------------+-------------------------------------------+-----
Maces & Flails | 4 5 7 8 9 10 12 14 15 | 15.6
Fighting       | 4 6 7 10 12 13 | 13.3
Armour         | 3 4 7 |  7.0
Evocations     | 4 5 |  5.4
Shields        | 3 10 13 15 | 15.0
Dodging        | 6 10 12 14 | 14.1

Action                   |  1- 3 |  4- 6 |  7- 9 | 10-12 | 13-15 || total
-------------------------+-------+-------+-------+-------+-------++-------
Melee: Mace              |    64 |   141 |   181 |   550 |   790 ||  1726
       Headbutt          |     7 |    20 |    35 |   110 |   199 ||   371
Invok: Berserk           |     2 |     4 |     3 |    13 |     8 ||    30
       Trog's Hand       |     1 |       |     2 |     6 |    11 ||    20
       Brothers in Arms  |       |       |       |     1 |       ||     1
Evoke: Wand              |       |     1 |       |       |       ||     1
  Use: Scroll            |       |       |     7 |     9 |     4 ||    20
 Stab: Distracted        |       |       |       |     1 |       ||     1
       Petrified         |       |       |       |       |     2 ||     2
Armor: Animal skin       |    12 |     3 |       |       |       ||    15
       Leather armour    |       |     7 |    46 |    85 |       ||   138
       Troll leather arm |       |       |    14 |       |       ||    14
       Ring mail         |       |       |       |    46 |   167 ||   213
Dodge: Dodged            |    46 |    95 |   142 |   400 |   474 ||  1157
Block: Kite shield       |       |       |       |    29 |   549 ||   578
